 Dungeon Crawl Stone Soup version 0.18-a0-79-gb542d04 (webtiles) character file.

543 Duffy the Firebug (level 7, 0/55 HPs)
             Began as a Naga Fire Elementalist on Nov 12, 2015.
             Slain by Edmund
             ... wielding a +0 dire flail
              (8 damage)
             ... on level 4 of the Dungeon.
             The game lasted 00:06:29 (3754 turns).

Duffy the Firebug (Naga Fire Elementalist)          Turns: 3754, Time: 00:06:29

Health: 0/55       AC:  5    Str: 11    XL:     7   Next: 27%
Magic:  10/10      EV: 10    Int: 15    God:
Gold:   114        SH:  0    Dex: 13    Spells: 3 memorised, 2 levels left

rFire  . . .     SeeInvis +     C - +3 quarterstaff (chaos)
rCold  . . .     Clarity  .     z - +0 robe (curse)
rNeg   . . .     SustAt   .     (shield currently unavailable)
rPois  +         Gourm    .     (no helmet)
rElec  .         Spirit   .     r - +0 cloak
rCorr  +         Warding  .     v - +0 pair of gloves
rMut   .         Stasis   .     (no barding)
MR     .....                    w - amulet of resist corrosion
Stlth  ++........               (no ring)
                                (no ring)

@: very slow, not resistant to hostile enchantments, unstealthy
A: see invisible, deformed body, poison resistance, slowness 2, slow metabolism
1, spit poison 2, AC +2
a: Spit Poison


You were on level 4 of the Dungeon.
You were not hungry.

You visited 1 branch of the dungeon, and saw 4 of its levels.

You collected 114 gold pieces.


Innate Abilities, Weirdness & Mutations

You cannot wear boots.
Your serpentine skin is tough (AC +2).
You have supernaturally acute eyesight.
Armour fits poorly on your strangely shaped body.
Your system is resistant to poisons.
You cover ground very slowly.
You have a slow metabolism.
You can spit poison.


   Skills:
 - Level 1.5 Dodging
 - Level 3.0 Stealth
 - Level 2.0 Spellcasting
 + Level 5.6 Conjurations
 + Level 5.7 Fire Magic


You had 2 spell levels left.
You knew the following spells:

 Your Spells              Type           Power        Failure   Level  Hunger
a - Flame Tongue          Conj/Fire      ###..        1%          1    #......
c - Conjure Flame         Conj/Fire      ###.....     10%         3    ###....
s - Sticky Flame          Conj/Fire      ###.....     24%         4    #####..

Inventory:

Hand Weapons
 C - a +3 quarterstaff of chaos (weapon)
Missiles
 i - 62 stones (quivered)
Armour
 a - a +0 robe
 d - a +1 ring mail of magic resistance
 g - a cursed +0 large shield
 r - a +0 cloak (worn)
 u - a +1 leather armour of poison resistance
 v - a +0 pair of gloves (worn)
 z - a cursed +0 robe (worn)
Jewellery
 j - an uncursed amulet of faith
 w - an amulet of resist corrosion (around neck)
 B - an uncursed amulet of stasis
Wands
 f - a wand of random effects (17)
Scrolls
 e - a scroll of remove curse
 l - 2 scrolls of blinking
 m - 2 scrolls of magic mapping
 n - a scroll of enchant weapon {unknown}
 t - a scroll of teleportation {unknown}
 x - a scroll of fog {unknown}
 y - a scroll of recharging {unknown}
 A - a scroll of amnesia {unknown}
Potions
 h - 2 potions of haste
 k - a potion of ambrosia
 o - a potion of degeneration {unknown}
 q - a potion of resistance {unknown}
 D - a potion of mutation {unknown}
Books
 b - a book of Flames
Comestibles
 c - 2 bread rations
 p - 2 meat rations
 s - a beef jerky

Dungeon Overview and Level Annotations

Branches:
Dungeon (4/15)
 Temple: D:4-7

Altars:
Fedhas

Annotations:
D:4 Edmund


Message History

You barely miss Edmund.
Edmund is lightly wounded.
Edmund hits you but does no damage.
You barely miss Edmund.
Edmund is lightly wounded.
You hit Edmund.
Edmund is lightly wounded.
Edmund hits you with a dire flail.
You hit Edmund. You burn Edmund.
Edmund is lightly wounded.
Edmund hits you with a dire flail.
You hit Edmund but do no damage.
Edmund is lightly wounded.
Edmund barely misses you.
You hit Edmund but do no damage.
You heal Edmund.
Edmund is lightly wounded. x2
Edmund hits you with a dire flail!
You sock Edmund!
Edmund is moderately wounded.
Edmund hits you with a dire flail.
You are too injured to fight recklessly!
You are too injured to fight recklessly!
You are too injured to fight recklessly!
You hit Edmund.
Edmund is poisoned.
Edmund is moderately wounded.
You barely miss Edmund.
Edmund is moderately wounded.
Edmund hits you with a dire flail!
You closely miss Edmund.
Edmund is heavily wounded.
Edmund hits you with a dire flail!
You hit Edmund but do no damage.
Edmund is heavily wounded.
Edmund hits you with a dire flail!
You die...

..# #[# #.......#
#.# .......# ..#
.......
#############
.....
............. ....
####......### ##..
#......# #.@###
#......# #.@..#
#......# #..#.#
####......#####..#
#
.................#
..........#####..#
..........# #+.#
......##### ..#
......# ..#
####### ..#


You could see Edmund.

Action                   |  1- 3 |  4- 6 |  7- 9 || total
-------------------------+-------+-------+-------++-------
Melee: Quarterstaff      |       |     1 |    22 ||    23
 Cast: Flame Tongue      |    35 |    54 |       ||    89
       Conjure Flame     |       |     3 |       ||     3
       Sticky Flame      |       |     2 |       ||     2
 Abil: Spit Poison       |    20 |    25 |       ||    45
  Use: Scroll            |     6 |     3 |       ||     9
       Potion            |       |     2 |       ||     2
  Eat: Chunk             |     2 |     8 |       ||    10
       Pizza             |       |       |     2 ||     2

Notes
Turn   | Place    | Note
--------------------------------------------------------------
     0 | D:1      | Duffy the Naga Fire Elementalist began the quest for the Orb.
     0 | D:1      | Reached XP level 1. HP: 15/15 MP: 3/3
   176 | D:1      | Reached skill level 2 in Conjurations
   176 | D:1      | Reached XP level 2. HP: 20/22 MP: 1/5
   924 | D:2      | Reached XP level 3. HP: 28/28 MP: 3/6
   956 | D:2      | Learned a level 3 spell: Conjure Flame
   985 | D:2      | Reached skill level 3 in Conjurations
  1425 | D:2      | Reached XP level 4. HP: 36/36 MP: 3/7
  2116 | D:3      | Noticed Grinder
  2309 | D:3      | Reached XP level 5. HP: 38/42 MP: 0/8
  2318 | D:3      | Learned a level 4 spell: Sticky Flame
  2400 | D:3      | Reached skill level 4 in Fire Magic
  2454 | D:3      | Reached skill level 4 in Conjurations
  2820 | D:3      | Noticed Crazy Yiuf
  2827 | D:3      | Killed Crazy Yiuf
  3190 | D:3      | Killed Grinder
  3190 | D:3      | Reached skill level 5 in Conjurations
  3190 | D:3      | Reached skill level 5 in Fire Magic
  3190 | D:3      | Reached XP level 6. HP: 26/49 MP: 0/9
  3356 | D:4      | Found a blossoming altar of Fedhas.
  3356 | D:4      | Noticed Duvessa
  3356 | D:4      | Noticed Dowan
  3568 | D:4      | Killed Duvessa
  3568 | D:4      | Reached XP level 7. HP: 47/55 MP: 0/10
  3573 | D:4      | Killed Dowan
  3736 | D:4      | Noticed Edmund
  3754 | D:4      | Slain by Edmund

Vault maps used:
D:1:      evilmike_arrival_crescent, minmay_stone_trees_small,
          hangedman_decor_peaks_small
D:3:      lemuel_old_faithful, uniq_crazy_yiuf_cottage, uniq_grinder
D:4:      kennysheep_big_flooded_room, kennysheep_mini, minmay_misc_feat_roman,
          minivault_27, fedhas_altar_1, uniq_duvessa, uniq_edmund, uniq_pikel

Vanquished Creatures
  Grinder Duvessa Dowan Crazy Yiuf
  8 adders
  3 oozes
  An adder zombie
  2 worms
  4 giant geckos
  An orc
  2 ball pythons
  3 giant cockroaches
  9 hobgoblins
  2 jackals
  8 kobolds
  2 quokkas
  6 bats
  3 giant newts
  8 goblins
  5 rats
71 creatures vanquished.
